 Dungeon Crawl Stone Soup version 0.29.0-4-gdea44cf6ec (webtiles) character file.

Game seed: 18127978432805817207

266 qw the Chopper (level 6, 0/35 HPs)
             Began as a Tengu Warper on Aug 29, 2022.
             Was an Initiate of Okawaru.
             Slain by a gnoll
             ... wielding a +0 club
              (3 damage)
             ... on level 4 of the Dungeon.
             The game lasted 00:00:27 (4553 turns).

qw the Chopper (Tengu Warper)                       Turns: 4553, Time: 00:00:27

Health: 0/35       AC:  8    Str: 13    XL:     6   Next: 20%
Magic:  10/10      EV:  7    Int: 14    God:    Okawaru [......]
Gold:   153        SH:  0    Dex: 13    Spells: 9/9 levels left

rFire   . . .      SeeInvis .   Y - +0 hand axe (elec)
rCold   + . .      Faith    .   (no shield)
rNeg    . . .      Spirit   .   f - +0 chain mail
rPois   .          Reflect  .   (helmet restricted)
rElec   .          Harm     .   (no cloak)
rCorr   .          Rampage  .   (no gloves)
Will    .....                   (boots unavailable)
Stlth   ..........              (no amulet)
HPRegen 0.11/turn               h - ring of protection from cold
MPRegen 0.12/turn               (no ring)

@: flying quickly and evasively, quick
A: beak, talons 3, nimble flight
a: Renounce Religion


You were on level 4 of the Dungeon.
You worshipped Okawaru.
Okawaru was noncommittal.
You visited 2 branches of the dungeon, and saw 5 of its levels.

You collected 153 gold pieces.


Innate Abilities, Weirdness & Mutations

You have a beak for a mouth.
You have claws for feet.
Your magical nature lets you fly swiftly and evasively.


   Skills:
 - Level 2.0 Fighting
 + Level 6.7 Axes
 - Level 1.0 Throwing
 - Level 2.0 Armour
 - Level 2.1 Dodging
 - Level 2.0 Spellcasting
 - Level 2.4 Translocations


You had 9 spell levels left.
You didn't know any spells.
Your spell library contained the following spells:

 Spells                   Type           Power      Damage    Failure   Level
 Blink                    Tloc           16%        N/A       99%         2
 Gell's Gravitas          Tloc           8%         N/A       100%        3
 Lesser Beckoning         Tloc           8%         N/A       100%        3
 Teleport Other           Tloc           8%         N/A       100%        3
 Manifold Assault         Tloc           8%         N/A       100%        5

Inventory:

Hand Weapons
 n - a +0 flail
 Y - a +0 hand axe of electrocution (weapon)
Missiles
 i - 5 boomerangs (quivered)
Armour
 f - a +0 chain mail (worn)
Jewellery
 b - the amulet of Foagunt {+Blink Will+ Regen+ Dex+4 Stlth+}
   (You found it on level 4 of the Dungeon)

   [amulet of regeneration]

   Dex:       It affects your dexterity (+4).
   +Blink:    It lets you blink.
   Regen:     It increases your rate of health regeneration.
   Will:      It increases your willpower.
   Stlth:     It makes you more stealthy.
 h - a ring of protection from cold (left hand)
 o - a ring of protection from fire
Scrolls
 g - a scroll of enchant armour
 j - a scroll of teleportation {unknown}
 l - a scroll of identify
Potions
 a - a potion of cancellation
 c - a potion of haste {unknown}
 d - 2 potions of berserk rage {unknown}
 e - a potion of degeneration {unknown}
 k - a potion of brilliance {unknown}
 p - a potion of might {unknown}
 q - a potion of flight {unknown}

Dungeon Overview and Level Annotations

Branches:
Dungeon (4/15)             Temple (1/1) D:4

Altars:
Ashenzari
Cheibriados
Elyvilon
Fedhas
Gozag
Hepliaklqana
Kikubaaqudgha
Makhleb
Nemelex Xobeh
Okawaru
Qazlal
Ru
Sif Muna
Trog
Uskayaw
Vehumet
Wu Jian
Xom
Yredelemnul
The Shining One

Annotations:
D:3 1 runed translucent door, Crazy Yiuf


Message History

The kobold throws a stone.
The stone hits you but does no damage.
4544 ||| Stepping ~*~*~tactically~*~*~ (stealth).
The kobold throws a stone.
The stone hits you.
Throw: 2 javelins
Press: ? - help, Q - select action, (/) - cycle Shift-Dir - straight line, f - kobold You throw a javelin.
The javelin pierces through the kobold.
You kill the kobold!
Okawaru accepts your kill.
You hear a shout!
Throw: javelin
Press: ? - help, Q - select action, (/) - cycle Shift-Dir - straight line, f - gnoll You throw a javelin.
The javelin barely misses the gnoll.
You barely miss the gnoll. The gnoll hits you with a +0 club.
You hit the gnoll. You claw the gnoll, but do no damage.
Your peck misses the gnoll.
The gnoll is heavily wounded.
The gnoll barely misses you.
You closely miss the gnoll. You peck the gnoll.
The gnoll is heavily wounded.
You hit the gnoll. The gnoll hits you with a +0 club.
The gnoll closely misses you. The gnoll hits you but does no damage.
You hit the gnoll but do no damage. You claw the gnoll.
The gnoll is severely wounded.
You hit the gnoll. The gnoll hits you with a +0 club.
The gnoll hits you from afar with a +0 halberd!
The gnoll hits you but does no damage.
You barely miss the gnoll. Your kick misses the gnoll.
The gnoll is severely wounded.
You hit the gnoll. The gnoll hits you with a +0 club.
The gnoll hits you from afar with a +0 halberd.
You hit the gnoll but do no damage.
The gnoll is severely wounded.
You hit the gnoll but do no damage. The gnoll hits you with a +0 club.
The gnoll hits you but does no damage. The gnoll hits you with a +0 club.
You die...

...........#....?######..##..#
'##.#.#....'.....# #####..#
..#../.....#.....# #......#
..##.#.....####### #......#
...........#..... .#..##..#
......#....#...g ..########
......#....#g.. ...#
......#....##(####....#
..##'##.......g.@.....#
..##..#........gg.....#
..#...#...............#
..#...#...%.......#####
..##..#....########
..##..#....#......#
......+....#......#
).....#....#......#
).##..#...%#'###########


You could see 3 gnolls.

Vanquished Creatures
  Jessica (D:3)
  An orc wizard (D:4)
  4 gnolls (D:3)
  6 adders
  A shadow imp (D:4)
  A white imp (D:3)
  2 worms (D:3)
  6 orcs (D:4)
  7 bats
  3 endoplasms
  6 giant cockroaches
  5 goblins (D:1)
  10 hobgoblins
  6 jackals
  5 quokkas
  3 ball pythons
  3 frilled lizards
  7 kobolds
  25 rats
102 creatures vanquished.

Vanquished Creatures (others)
  A fungus (D:2)
  A plant (D:2)
2 creatures vanquished.

Grand Total: 104 creatures vanquished

Notes
Turn   | Place    | Note
-------+----------+-------------------------------------------
     0 | D:1      | qw the Tengu Warper began the quest for the Orb.
     0 | D:1      | Reached XP level 1. HP: 12/12 MP: 4/4
     0 | D:1      | 0 ||| qw: Version: 0.1-a-89-g26bdef1
     0 | D:1      | 0 ||| qw: Game counter: 3626
     0 | D:1      | 0 ||| qw: Always use a shield: true
     0 | D:1      | 0 ||| qw: God list: Okawaru
     0 | D:1      | 0 ||| qw: Allow faded altars: false
     0 | D:1      | 0 ||| qw: Do Orc after D:15 true
     0 | D:1      | 0 ||| qw: Do second Lair branch before Depths: true
     0 | D:1      | 0 ||| qw: Lair rune preference: random
     0 | D:1      | 0 ||| qw: Plans: Normal
     0 | D:1      | 0 ||| PLANNING D:1-11
   243 | D:1      | Reached skill level 3 in Axes
   243 | D:1      | Reached XP level 2. HP: 17/17 MP: 6/6
   310 | D:1      | 310 ||| Stepping ~*~*~tactically~*~*~ (stealth).
   311 | D:1      | 311 ||| Stepping ~*~*~tactically~*~*~ (stealth).
   318 | D:1      | 318 ||| Stepping ~*~*~tactically~*~*~ (stealth).
   319 | D:1      | 319 ||| Stepping ~*~*~tactically~*~*~ (stealth).
   320 | D:1      | 320 ||| Stepping ~*~*~tactically~*~*~ (stealth).
   323 | D:1      | 323 ||| Stepping ~*~*~tactically~*~*~ (stealth).
   324 | D:1      | 324 ||| Stepping ~*~*~tactically~*~*~ (stealth).
   853 | D:1      | Reached XP level 3. HP: 21/21 MP: 7/7
   883 | D:1      | 883 ||| UPGRADING to +0 ring mail.
   893 | D:1      | 893 ||| DROPPING +0 leather armour.
   894 | D:1      | 894 ||| UPGRADING to +0 chain mail.
   904 | D:1      | 904 ||| DROPPING +0 ring mail.
   905 | D:1      | 905 ||| UPGRADING to ring of protection from cold.
   906 | D:1      | 906 ||| DROPPING scroll of blinking.
   933 | D:2      | 933 ||| STAIRDANCE
   940 | D:1      | Reached skill level 4 in Axes
  1032 | D:2      | 1032 ||| Stepping ~*~*~tactically~*~*~ (stealth).
  1034 | D:2      | 1034 ||| Stepping ~*~*~tactically~*~*~ (stealth).
  1239 | D:2      | Reached XP level 4. HP: 26/26 MP: 8/8
  1297 | D:2      | 1297 ||| FLEEEEING.
  1298 | D:2      | 1298 ||| FLEEEEING.
  1299 | D:2      | 1299 ||| FLEEEEING.
  1300 | D:2      | 1300 ||| FLEEEEING.
  1301 | D:2      | 1301 ||| FLEEEEING.
  1302 | D:2      | 1302 ||| FLEEEEING.
  1303 | D:2      | 1303 ||| FLEEEEING.
  1304 | D:2      | 1304 ||| FLEEEEING.
  1305 | D:2      | 1305 ||| FLEEEEING.
  1308 | D:2      | HP: 6/26 [poisoned by a kobold]
  1311 | D:2      | 1311 ||| FLEEEEING.
  1312 | D:2      | 1312 ||| FLEEEEING.
  1321 | D:2      | 1321 ||| FLEEEEING.
  1322 | D:2      | 1322 ||| FLEEEEING.
  1323 | D:2      | 1323 ||| FLEEEEING.
  1324 | D:2      | 1324 ||| FLEEEEING.
  1325 | D:2      | 1325 ||| STAIRDANCE
  1574 | D:1      | 1574 ||| READING scroll labelled VEDDAGH VETTORGH.
  1580 | D:2      | 1580 ||| DROPPING +0 club.
  1609 | D:2      | 1609 ||| Stepping ~*~*~tactically~*~*~ (stealth).
  1612 | D:2      | 1612 ||| Stepping ~*~*~tactically~*~*~ (stealth).
  1731 | D:2      | 1731 ||| Stepping ~*~*~tactically~*~*~ (stealth).
  1773 | D:2      | 1773 ||| DROPPING +0 whip.
  1923 | D:2      | Reached skill level 5 in Axes
  2041 | D:2      | Found a faded altar of an unknown god.
  2220 | D:3      | 2220 ||| Stepping ~*~*~tactically~*~*~ (stealth).
  2222 | D:3      | 2222 ||| Stepping ~*~*~tactically~*~*~ (stealth).
  2224 | D:3      | 2224 ||| Stepping ~*~*~tactically~*~*~ (stealth).
  2228 | D:3      | 2228 ||| Stepping ~*~*~tactically~*~*~ (stealth).
  2229 | D:3      | 2229 ||| Stepping ~*~*~tactically~*~*~ (stealth).
  2232 | D:3      | 2232 ||| Stepping ~*~*~tactically~*~*~ (stealth).
  2236 | D:3      | Gained mutation: Your magical nature lets you fly swiftly
                  | and evasively. [Tengu growth]
  2236 | D:3      | Reached XP level 5. HP: 9/30 MP: 9/9
  2284 | D:3      | 2284 ||| Stepping ~*~*~tactically~*~*~ (stealth).
  2522 | D:3      | Noticed Jessica
  2542 | D:3      | Killed Jessica
  2543 | D:3      | Reached skill level 6 in Axes
  2730 | D:3      | 2730 ||| Stepping ~*~*~tactically~*~*~ (hiding).
  3114 | D:3      | 3114 ||| Stepping ~*~*~tactically~*~*~ (stealth).
  3189 | D:3      | Found a runed translucent door.
  3190 | D:3      | Noticed Crazy Yiuf
  3591 | D:3      | 3591 ||| READING scroll labelled LESHRO XAF OZXOA.
  3592 | D:3      | 3592 ||| READING scroll labelled NUJAUL PAJUROB.
  3593 | D:3      | 3593 ||| READING 3 scrolls labelled BAIRGHAXKEO.
  3594 | D:3      | 3594 ||| READING scroll labelled MUVYLI WOIPROO.
  3595 | D:3      | 3595 ||| READING scroll labelled JIPHET ITTUSUXT.
  3596 | D:3      | 3596 ||| DRINKING 2 glowing inky potions.
  3648 | D:3      | 3648 ||| READING 2 scrolls of identify.
  3648 | D:3      | 3648 ||| IDENTIFYING fizzy brown potion
  3649 | D:3      | 3649 ||| DROPPING potion of lignification.
  3690 | D:4      | Found a staircase to the Ecumenical Temple.
  3691 | D:4      | 3691 ||| PLANNING TEMPLE
  3763 | Temple   | Entered the Ecumenical Temple
  3778 | Temple   | Became a worshipper of Warmaster Okawaru
  3909 | Temple   | 3909 ||| PLANNING D:1-11
  3943 | D:4      | Identified the amulet of Foagunt {+Blink Will+ Regen+ Dex+4
                  | Stlth+}
  3991 | D:4      | 3991 ||| Stepping ~*~*~tactically~*~*~ (hiding).
  4007 | D:4      | Reached XP level 6. HP: 26/35 MP: 10/10
  4307 | D:4      | 4307 ||| DROPPING +0 whip of venom.
  4541 | D:4      | 4541 ||| Stepping ~*~*~tactically~*~*~ (stealth).
  4542 | D:4      | 4542 ||| Stepping ~*~*~tactically~*~*~ (stealth).
  4544 | D:4      | 4544 ||| Stepping ~*~*~tactically~*~*~ (stealth).
  4552 | D:4      | HP: 8/35 [gnoll/+0 club (6)]
  4553 | D:4      | HP: 3/35 [gnoll/+0 club (1)]
  4553 | D:4      | Slain by a gnoll

Levels and vault maps discovered:
D:1:      dpeg_arrival_three_same_balls, layout_loops_ring, serial_rivers,
          chequers_serial_rivers_micro_a, chequers_serial_rivers_micro_a,
          chequers_serial_rivers_small_b, chequers_serial_rivers_micro_c
D:2:      layout_rooms, shapermc_ecumenical_altar_hornbeckon, minivault_11
D:3:      layout_basic, minmay_rat_hole, uniq_jessica, uniq_crazy_yiuf_cottage
D:4:      layout_gridville, mainiacjoe_overflow_paths,
          minmay_temple_entry_sparse_star
Temple:   nicolae_temple_bog_church

Skill      XL: |  1  2  3  4  5 |
---------------+----------------+-----
Axes           | 3 4 5 6 |  6.7
Armour         | 2 |  2.0
Fighting       | |  2.0
Throwing       | |  1.0
Dodging        | |  2.1
Spellcasting   | |  2.0
Translocations | |  2.4

Action                   |  1- 3 |  4- 6 || total
-------------------------+-------+-------++-------
Melee: Hand axe          |    60 |   162 ||   222
       Kick              |    12 |    38 ||    50
       Peck              |     8 |    28 ||    36
       Unarmed           |       |    12 ||    12
       Punch             |       |     1 ||     1
Throw: Boomerang         |     7 |     1 ||     8
       Javelin           |    19 |    32 ||    51
  Use: Scroll            |       |     7 ||     7
       Potion            |       |     1 ||     1
Armor: Leather armour    |     9 |       ||     9
       Chain mail        |    15 |    78 ||    93
Dodge: Dodged            |    30 |    48 ||    78

Table legend:
 A = Non-vault XP
 B = Vault XP
 C = Vault XP percentage of total XP
 D = Non-vault monster count
 E = Vault monster count
 F = Vault count percentage of total count
                 A         B        C        D         E       F
            +---------+---------+-------+---------+---------+-------
      Total |     324 |      57 |  15.0 |      82 |      20 |  19.6
            +---------+---------+-------+---------+---------+-------
        D:1 |      48 |       0 |   0.0 |      22 |       0 |   0.0
        D:2 |      78 |       0 |   0.0 |      26 |       0 |   0.0
        D:3 |     112 |      57 |  33.7 |      21 |      20 |  48.8
        D:4 |      86 |       0 |   0.0 |      13 |       0 |   0.0
            +---------+---------+-------+---------+---------+-------
